 Seeded DCSS version 0.30.1-4-g462c640d31 (webtiles) character file.

Game seed: 15548354064244443137 (custom seed)

21 Psyclone the Stinger (level 2, 17/17 HPs)
             Began as an Octopode Venom Mage on Sept 19, 2023.
             Quit the game on level 1 of the Dungeon.
             The game lasted 00:01:25 (572 turns).

Psyclone the Stinger (Octopode Venom Mage)           Turns: 572, Time: 00:01:26

Health: 17/17      AC:  1    Str:  7    XL:     2   Next: 87%
Magic:  5/5        EV: 13    Int: 17    God:
Gold:   80         SH:  0    Dex: 12    Spells: 4/5 levels left

rFire   . . .        c - +0 dagger
rCold   . . .        (no shield)
rNeg    . . .        (helmet restricted)
rPois   .            (no amulet)
rElec   .            (no ring)
rCorr   .            (no ring)
SInv    .            (no ring)
Will    .....        (no ring)
Stlth   +++          (no ring)
HPRegen 0.22/turn    (no ring)
MPRegen 0.09/turn    (no ring)
                     (no ring)

%: no passive effects
@: no status effects
A: almost no armour, amphibious, 8 rings, camouflage 1, gelatinous body 1,
(nimble swimmer 1), tentacles
a: no special abilities


You were on level 1 of the Dungeon.
You visited 1 branch of the dungeon, and saw 1 of its levels.

You collected 80 gold pieces.

Inventory:

Hand Weapons
 c - a +0 dagger (weapon)
Potions
 a - a potion of magic
 b - a potion of degeneration {unknown}
 d - a potion of resistance {unknown}


   Skills:
 - Level 2.0 Dodging
 - Level 2.6 Stealth
 - Level 2.0 Spellcasting
 - Level 1.0 Transmutations
 + Level 4.9 Poison Magic


You had 4 spell levels left.
You knew the following spells:

 Your Spells              Type           Power      Damage    Failure   Level
a - Sting                 Tmut/Pois      44%        1d5       6%          1

Your spell library contained the following spells:

 Spells                   Type           Power      Damage    Failure   Level
 Poisonous Vapours        Pois/Air       20%        N/A       11%         2
 Olgreb's Toxic Radiance  Pois           18%        N/A       26%         4
 Mephitic Cloud           Conj/Pois/Air  7%         N/A       30%         3


Dungeon Overview and Level Annotations

Branches:
Dungeon (1/15) Zot: 5428

Altars:

Shops:
D:1 =


Innate Abilities, Weirdness & Mutations

You cannot wear most types of armour.
You are amphibious.
You can wear up to eight rings at the same time.
Your skin changes colour to match your surroundings (Stealth+).
Your rubbery body absorbs attacks. (AC +1, EV +1)
((You are camouflaged when in or above water. (Stealth+)))
You have tentacles for arms and can constrict up to eight enemies at once.


Message History

You see here a dart slug corpse.
A ball python is nearby!
The ball python hisses angrily.
Casting: Sting (safe; 6% risk of failure)
Confirm with . or Enter, or press ? or * to list all spells.
Aiming: Sting (safe; 6% risk of failure)
Press: ? - help, Shift-Dir - straight line, f - ball python
Aim: a ball python (68% to hit)
The sting hits the ball python.
The ball python is poisoned.
The ball python is moderately wounded.
The ball python barely misses you. The ball python misses you.
The ball python bites you. The ball python grabs you.
The ball python constricts you.
You take 3 damage, and have 14/17 hp.
You now have 4/5 mp.
You barely miss the ball python. Your grab misses the ball python.
The ball python is severely wounded.
You kill the ball python!
You see here a ball python corpse.
A frilled lizard comes into view.
Found a scroll labelled TYTIDDINEI.
Health restored: 17; MP restored: 5 The frilled lizard hisses angrily.
You closely miss the frilled lizard. Your grab misses the frilled lizard.
Your squeeze misses the frilled lizard. The frilled lizard closely misses you.
You hit the frilled lizard. Your grab misses the frilled lizard.
The frilled lizard is moderately wounded.
The frilled lizard barely misses you.
You hit the frilled lizard but do no damage.
You grab the frilled lizard.
The frilled lizard is moderately wounded.
You constrict the frilled lizard. The frilled lizard barely misses you.
You barely miss the frilled lizard.
The frilled lizard is severely wounded.
You constrict the frilled lizard, but do no damage.
The frilled lizard misses you.
You hit the frilled lizard but do no damage.
The frilled lizard is severely wounded.
You constrict the frilled lizard.
You kill the frilled lizard!
Are you sure you want to abandon this character and quit the game? (Confirm with "yes".)

#... #... ## #... #.. #...
######...###... #........#
?..............
#........###.........##....
#........#..........###....
#........#@................
#........#....>............
#........#................#
#........#..........###...#
#..............#.####.....#
#######........#......#...#
#.†.......#######)...
#####..........[.........
###.........^..............


There were no monsters in sight!

Vanquished Creatures
  A dart slug (D:1)
  An endoplasm (D:1)
  A giant cockroach (D:1)
  A goblin (D:1)
  4 hobgoblins (D:1)
  2 kobolds (D:1)
  2 quokkas (D:1)
  3 ball pythons (D:1)
  A frilled lizard (D:1)
16 creatures vanquished.

Notes
Turn   | Place    | Note
-------+----------+-------------------------------------------
     0 | D:1      | Psyclone the Octopode Venom Mage began the quest for the
                  | Orb.
     0 | D:1      | Reached XP level 1. HP: 11/11 MP: 3/3
   198 | D:1      | Reached skill level 4 in Poison Magic
   297 | D:1      | Reached XP level 2. HP: 17/17 MP: 5/5
   322 | D:1      | Found a faded altar of an unknown god.
   513 | D:1      | Found Ihask's Jewellery Boutique.
   572 | D:1      | Quit the game

Illustrated notes

Levels and vault maps discovered:
D:1:      doesnt_arrival_eight_statues, layout_basic,
          dreamdust_ecumenical_altar_angels_and_demons, serial_shops,
          nicolae_shop_gaudy_bauble

Skill      XL: |  1 |
---------------+----+-----
Poison Magic   | 4 |  4.9
Dodging        | |  2.0
Stealth        | |  2.6
Spellcasting   | |  2.0
Transmutations | |  1.0

Action                     || total
---------------------------++-------
  Melee: Dagger            ||    29
         Constrict         ||     8
         Tentacles         ||     4
         Unarmed           ||     2
         Punch             ||     1
   Cast: Sting             ||     8
   Stab: Sleeping          ||     2
 Armour: Skin              ||     1
  Dodge: Dodged            ||    20
